WCHLSIM.com - West Coast Hockey League
html PUBLIC "-//W3C//DTD XHTML 1.0 Transitional//EN" "http://www.w3.org/TR/xhtml1/DTD/xhtml1-transitional.dtd"> WCHL - Game 176 - SALEM BLACK JAYS vs RENO LIONS

SALEM BLACK JAYS vs RENO LIONS

Created - 27 octobre 2019 at 11:51

Goals
1 2 3 T
SALEM BLACK JAYS 0 0 0 0
RENO LIONS 3 0 0 3
Shots
1 2 3 T
SALEM BLACK JAYS 5 4 7 16
RENO LIONS 16 11 7 34

1st period

1. RENO LIONS , Pierre-Luc Dubois 6 (Anders Lee 4, Timo Meier 5) at 2:05 (PP)
2. RENO LIONS , Timo Meier 9 (William Karlsson 12) at 4:22
3. RENO LIONS , Ryan Pulock 3 (Elias Pettersson 10, Pierre-Luc Dubois 14) at 12:54

Penalties :
Scott Mayfield (SAL) for Hooking (Minor) at 1:07, Kyle Clifford (SAL) for High sticking (Minor) at 6:43, Drew Stafford (REN) for Hooking (Minor) at 9:00, Adam McQuaid (REN) for High sticking (Minor) at 10:32

2nd period

No Goal

Penalties :
Robert Hagg (REN) for Holding (Minor) at 1:31, Kyle Clifford (SAL) for Hooking (Minor) at 13:46

3rd period

No Goal

Penalties :
Oliver Ekman-Larsson (REN) for Goalie Interference (Minor) at 6:06, Scott Mayfield (SAL) for Holding (Minor) at 14:44

Goalie Stats

Mike Smith (SAL), 31 saves from 34 shots - (0,912), L, 4-3-0, 60:00 minutes
Jaroslav Halak (REN), 16 saves from 16 shots - (1,000), W, 8-0-0, 60:00 minutes

Players Stats for SALEM BLACK JAYS

Player Name              G  A  P  +/- PIM S  H  SB GA TA FO     MP     PP MP  PK MP  
------------------------------------------------------------------------------------
Adam Larsson             0  0  0   0  0   1  1  0  0  0  0/0    17:10   0:00   3:52 
Anthony DeAngelo         0  0  0   0  0   0  0  0  0  0  0/0    10:21   4:01   2:03 
Brett Ritchie            0  0  0   0  0   0  1  0  0  0  3/5    19:30   3:25   2:22 
Casey Cizikas            0  0  0   0  0   1  1  0  0  0  9/15   13:11   4:01   4:18 
Cody Ceci                0  0  0  -2  0   1  2  0  0  0  0/0    18:07   0:00   3:03 
Dylan Larkin             0  0  0   0  0   5  0  0  0  0  10/17  17:06   4:01   0:03 
Filip Chytil             0  0  0  -2  0   0  0  0  0  0  7/18   13:59   0:00   0:00 
Jason Demers             0  0  0   0  0   0  0  3  0  0  0/0    12:57   0:00   0:00 
Jimmy Schuldt            0  0  0   0  0   0  0  0  0  0  0/0     0:00   0:00   0:00 
Joshua Morrissey         0  0  0  -2  0   0  3  4  0  0  0/0    25:52   3:28   3:03 
Kyle Clifford            0  0  0  -2  4   0  1  1  0  0  0/0    14:18   0:03   0:00 
Mathew Barzal            0  0  0   0  0   2  0  0  0  0  6/14   20:38   3:28   3:27 
Matthew Calvert          0  0  0   0  0   2  1  0  0  0  1/1    24:51   4:01   3:14 
Michal Kempny            0  0  0   0  0   0  0  5  0  0  0/0    16:25   3:28   0:00 
Mitchell Marner          0  0  0   0  0   3  1  0  0  0  0/1    13:47   0:00   0:00 
Par Lindholm             0  0  0   0  0   0  0  0  0  0  1/3    17:08   3:25   0:00 
Scott Mayfield           0  0  0   0  4   1  1  1  0  0  0/0    19:06   4:01   1:49 
Trevor Lewis             0  0  0  -2  0   0  1  0  0  0  0/1    18:35   0:03   0:26 

Players Stats for RENO LIONS

Player Name              G  A  P  +/- PIM S  H  SB GA TA FO     MP     PP MP  PK MP  
------------------------------------------------------------------------------------
Adam McQuaid             0  0  0   0  2   1  0  0  0  0  0/0    13:45   0:30   2:34 
Alex Killorn             0  0  0   0  0   1  2  0  0  0  0/0     8:20   0:00   4:06 
Anders Lee               0  1  1   0  0   3  0  0  0  0  1/1    13:16   4:23   0:00 
Blake Coleman            0  0  0   0  0   2  1  0  0  0  2/8     9:23   0:30   0:00 
Drew Stafford            0  0  0   0  2   0  1  0  0  0  0/0     4:13   0:00   0:00 
Elias Pettersson         0  1  1   1  0   5  1  0  0  0  0/0    19:43   3:26   0:00 
Evgeny Dadonov           0  0  0   1  0   3  1  0  0  0  1/4    18:09   1:57   0:00 
Jordie Benn              0  0  0   0  0   1  1  3  0  0  0/0    23:23   1:41   4:39 
Max Domi                 0  0  0   1  0   5  2  0  0  0  11/24  19:43   3:26   0:00 
Oliver Ekman-Larsson     0  0  0   2  2   0  1  1  0  0  0/0    22:35   4:44   0:00 
Olli Maatta              0  0  0   0  0   0  1  2  0  0  0/0    23:08   1:41   4:24 
Pierre-Luc Dubois        1  1  2   1  0   6  1  0  0  0  4/9    20:13   3:29   0:27 
Robert Hagg              0  0  0   0  2   0  0  1  0  0  0/0    14:05   0:30   2:55 
Ryan Pulock              1  0  1   2  0   3  0  2  0  0  0/0    23:01   4:44   0:25 
Timo Meier               1  1  2   1  0   2  1  0  0  0  0/1    21:39   2:31   2:56 
Tomas Nosek              0  0  0   0  0   1  1  1  0  0  8/9     8:20   0:00   4:06 
Vincent Hinostroza       0  0  0   0  0   0  0  0  0  0  1/2     9:56   1:03   0:00 
William Karlsson         0  1  1   1  0   1  0  1  0  0  10/17  19:08   0:00   2:56 

3 Stars

1 - Pierre-Luc Dubois (REN)
2 - Timo Meier (REN)
3 - Jaroslav Halak (REN)

Power Play

SALEM BLACK JAYS - 0 on 4 Attempt(s) - 0,00%
RENO LIONS - 1 on 4 Attempt(s) - 25,00%

Penalty Kill

SALEM BLACK JAYS - 3 on 4 Attempt(s) - 75,00% - Score 0 goal in Penalty Kill
RENO LIONS - 4 on 4 Attempt(s) - 100,00% - Score 0 goal in Penalty Kill

Team Stat

SALEM BLACK JAYS - Hits : 13 - Faceoff Wins : 37 - Blocked Shots : 14 - Penalty Minutes : 8
RENO LIONS - Hits : 14 - Faceoff Wins : 38 - Blocked Shots : 11 - Penalty Minutes : 8

Official

Referees : Olivier Gouin and Mike Leggo
Linesman : Pat Turcotte and Paul Carnathan

Game Notes

No Game Note

Finance

Level 1 -- Attendance: 4061 (58,01%) -- Ticket Income 690 370 $
Level 2 -- Attendance: 3066 (51,10%) -- Ticket Income 383 250 $
Level 3 -- Attendance: 1364 (45,47%) -- Ticket Income 109 120 $
Level 4 -- Attendance: 3034 (60,68%) -- Ticket Income 166 870 $
Luxury Box -- Attendance: 604 (60,40%) -- Ticket Income 229 520 $
Game was played at the Lions Kingdom.
Total Attendance: 12129 (55,13%)
Total Ticket Income: 1 579 130 $
Other Income: 473 739 $
Total Income: 2 052 869 $

SALEM BLACK JAYS

5 vs 5 Forward 
   Center                   Left Wing                Right Wing               Time % Phy DF OF 
 1 Dylan Larkin             Matthew Calvert          Mitchell Marner          36     0   1  4  
 2 Mathew Barzal            Par Lindholm             Brett Ritchie            31     0   1  4  
 3 Casey Cizikas            Trevor Lewis             Matthew Calvert          23     1   2  2  
 4 Filip Chytil             Kyle Clifford            Trevor Lewis             10     1   3  1  

5 vs 5 Defense 
   Defense                  Defense                                           Time % Phy DF OF 
 1 Cody Ceci                Joshua Morrissey                                  36     1   2  2  
 2 Adam Larsson             Scott Mayfield                                    31     1   2  2  
 3 Jason Demers             Michal Kempny                                     23     1   2  2  
 4 Joshua Morrissey         Anthony DeAngelo                                  10     1   2  2  

PowerPlay Forward 
   Center                   Left Wing                Right Wing               Time % Phy DF OF 
 1 Dylan Larkin             Matthew Calvert          Casey Cizikas            55     1   2  2  
 2 Mathew Barzal            Par Lindholm             Brett Ritchie            45     1   2  2  

PowerPlay Defense
   Defense                  Defense                                           Time % Phy DF OF 
 1 Joshua Morrissey         Michal Kempny                                     55     1   2  2  
 2 Scott Mayfield           Anthony DeAngelo                                  45     1   2  2  

Penalty Kill 4 Players Forward 
   Center                   Wing                     Time % Phy DF OF 
 1 Casey Cizikas            Matthew Calvert          55     1   2  2  
 2 Brett Ritchie            Mathew Barzal            45     1   2  2  

Penalty Kill 4 Players Defense
   Defense                  Defense                  Time % Phy DF OF 
 1 Joshua Morrissey         Cody Ceci                55     1   2  2  
 2 Scott Mayfield           Adam Larsson             45     1   2  2  

Penalty Kill - 3 Players Forward 
   Forward                                           Time % Phy DF OF 
 1 Matthew Calvert                                   55     1   2  2  
 2 Mathew Barzal                                     45     1   2  2  

Penalty Kill - 3 Players Defense
   Defense                  Defense                  Time % Phy DF OF 
 1 Joshua Morrissey         Cody Ceci                55     1   2  2  
 2 Scott Mayfield           Adam Larsson             45     1   2  2  

4 vs 4 Forward 
   Center                   Wing                     Time % Phy DF OF 
 1 Mathew Barzal            Matthew Calvert          55     1   2  2  
 2 Dylan Larkin             Casey Cizikas            45     1   2  2  

4 vs 4 Defense
   Defense                  Defense                  Time % Phy DF OF 
 1 Cody Ceci                Joshua Morrissey         55     1   2  2  
 2 Scott Mayfield           Adam Larsson             45     1   2  2  

Last Minutes Offensive
   Center                   Left Wing                Right Wing               Defense                  Defense                  
   Dylan Larkin             Mathew Barzal            Mitchell Marner          Joshua Morrissey         Anthony DeAngelo         

Last Minutes Defensive
   Center                   Left Wing                Right Wing               Defense                  Defense                  
   Dylan Larkin             Mathew Barzal            Mitchell Marner          Joshua Morrissey         Anthony DeAngelo         

Goaltenders
Starting : Mike Smith               
Backup : Juuse Saros              

Extra Forwards
Normal : Matthew Calvert, Mathew Barzal, Casey Cizikas - PP : Matthew Calvert, Mathew Barzal - PK : Mathew Barzal
Extra Defensemen
Normal : Adam Larsson, Joshua Morrissey, Michal Kempny - PP : Adam Larsson - PK : Scott Mayfield, Adam Larsson
Penalty Shots
Matthew Calvert, Brett Ritchie, Par Lindholm, Mathew Barzal, Casey Cizikas
Custom OT Lines Forwards
Mitchell Marner, Brett Ritchie, Mathew Barzal, Dylan Larkin, Casey Cizikas, Matthew Calvert, Filip Chytil, Par Lindholm, Kyle Clifford, Trevor Lewis
Custom OT Lines Defensemen
Cody Ceci, Joshua Morrissey, Michal Kempny, Scott Mayfield, Adam Larsson

Scratches
Andrew Welinski (Healthy), Zach Bogosian (Back Injury), Calle Rosen (Healthy), Curtis Lazar (Healthy), Devante Stephens (Healthy)
Kevin Gravel (Healthy), Mikko Rantanen (Exhaustion), Nicolas Kerdiles (Healthy), Scott Kosmachuk (Healthy), Spencer Foo (Healthy)
Tobias Rieder (Healthy), Harri Sateri (Healthy)

RENO LIONS

5 vs 5 Forward 
   Center                   Left Wing                Right Wing               Time % Phy DF OF 
 1 William Karlsson         Timo Meier               Evgeny Dadonov           35     1   2  2  
 2 Max Domi                 Pierre-Luc Dubois        Elias Pettersson         35     1   2  2  
 3 Blake Coleman            Anders Lee               Vincent Hinostroza       20     1   2  2  
 4 Tomas Nosek              Alex Killorn             Drew Stafford            10     1   2  2  

5 vs 5 Defense 
   Defense                  Defense                                           Time % Phy DF OF 
 1 Ryan Pulock              Oliver Ekman-Larsson                              35     1   2  2  
 2 Olli Maatta              Jordie Benn                                       35     1   2  2  
 3 Robert Hagg              Adam McQuaid                                      20     1   2  2  
 4 Oliver Ekman-Larsson     Ryan Pulock                                       10     1   2  2  

PowerPlay Forward 
   Center                   Left Wing                Right Wing               Time % Phy DF OF 
 1 Max Domi                 Evgeny Dadonov           Elias Pettersson         55     1   2  2  
 2 Pierre-Luc Dubois        Anders Lee               Timo Meier               45     1   2  2  

PowerPlay Defense
   Defense                  Defense                                           Time % Phy DF OF 
 1 Oliver Ekman-Larsson     Ryan Pulock                                       55     1   2  2  
 2 Jordie Benn              Olli Maatta                                       45     1   2  2  

Penalty Kill 4 Players Forward 
   Center                   Wing                     Time % Phy DF OF 
 1 Tomas Nosek              Alex Killorn             55     1   2  2  
 2 William Karlsson         Timo Meier               45     1   2  2  

Penalty Kill 4 Players Defense
   Defense                  Defense                  Time % Phy DF OF 
 1 Jordie Benn              Olli Maatta              55     1   2  2  
 2 Robert Hagg              Adam McQuaid             45     1   2  2  

Penalty Kill - 3 Players Forward 
   Forward                                           Time % Phy DF OF 
 1 Pierre-Luc Dubois                                 55     1   2  2  
 2 Tomas Nosek                                       45     1   2  2  

Penalty Kill - 3 Players Defense
   Defense                  Defense                  Time % Phy DF OF 
 1 Olli Maatta              Ryan Pulock              55     1   2  2  
 2 Jordie Benn              Robert Hagg              45     1   2  2  

4 vs 4 Forward 
   Center                   Wing                     Time % Phy DF OF 
 1 Blake Coleman            Anders Lee               55     1   2  2  
 2 Vincent Hinostroza       Alex Killorn             45     1   2  2  

4 vs 4 Defense
   Defense                  Defense                  Time % Phy DF OF 
 1 Robert Hagg              Adam McQuaid             55     1   2  2  
 2 Oliver Ekman-Larsson     Ryan Pulock              45     1   2  2  

Last Minutes Offensive
   Center                   Left Wing                Right Wing               Defense                  Defense                  
   Max Domi                 Evgeny Dadonov           Elias Pettersson         Oliver Ekman-Larsson     Ryan Pulock              

Last Minutes Defensive
   Center                   Left Wing                Right Wing               Defense                  Defense                  
   William Karlsson         Tomas Nosek              Timo Meier               Jordie Benn              Ryan Pulock              

Goaltenders
Starting : Jaroslav Halak           
Backup : Thomas Greiss            

Extra Forwards
Normal : Evgeny Dadonov, Elias Pettersson, Max Domi - PP : Anders Lee, Vincent Hinostroza - PK : Blake Coleman
Extra Defensemen
Normal : Oliver Ekman-Larsson, Adam McQuaid, Ryan Pulock - PP : Oliver Ekman-Larsson - PK : Jordie Benn, Olli Maatta
Penalty Shots
Elias Pettersson, Max Domi, Timo Meier, Pierre-Luc Dubois, William Karlsson
Custom OT Lines Forwards
William Karlsson, Timo Meier, Evgeny Dadonov, Elias Pettersson, Pierre-Luc Dubois, Max Domi, Anders Lee, Alex Killorn, Blake Coleman, Vincent Hinostroza
Custom OT Lines Defensemen
Oliver Ekman-Larsson, Ryan Pulock, Olli Maatta, Jordie Benn, Robert Hagg

Scratches
Nicolas Hague (Healthy), Cale Fleury (Healthy), David Kase (Healthy), Gabriel Fortier (Healthy), Glenn Gawdin (Healthy)
Calvin Pickard (Healthy)

% Time on Ice - SALEM BLACK JAYS

Lines # - Real PCT - Wanted PCT - Time Play
Normal Forward
1 - 29% - 36% - 13:02
2 - 30% - 31% - 13:43
3 - 11% - 23% - 4:52
4 - 31% - 10% - 13:59
Normal Defense
1 - 33% - 36% - 15:04
2 - 29% - 31% - 13:18
3 - 28% - 23% - 12:57
4 - 9% - 10% - 4:17
PP Forward
1 - 54% - 55% - 4:01
2 - 46% - 45% - 3:28
PP Defense
1 - 46% - 55% - 3:28
2 - 54% - 45% - 4:01
PK Forward
1 - 65% - 55% - 4:30
2 - 35% - 45% - 2:25
PK Defense
1 - 44% - 55% - 3:03
2 - 56% - 45% - 3:52
PK3 Forward
1 - 0% - 55%
2 - 0% - 45%
PK3 Defense
1 - 0% - 55%
2 - 0% - 45%
44 Forward
1 - 0% - 55%
2 - 0% - 45%
44 Defense
1 - 0% - 55%
2 - 0% - 45%
Last Minute Offensive  - 0:00
Last Minute Defensive  - 0:00
Total
Forward - 60:00
Defense - 60:00

% Time on Ice - RENO LIONS

Lines # - Real PCT - Wanted PCT - Time Play
Normal Forward
1 - 36% - 35% - 16:12
2 - 36% - 35% - 16:17
3 - 19% - 20% - 8:53
4 - 9% - 10% - 4:14
Normal Defense
1 - 36% - 35% - 16:25
2 - 37% - 35% - 17:03
3 - 23% - 20% - 10:41
4 - 3% - 10% - 1:27
PP Forward
1 - 50% - 55% - 3:26
2 - 50% - 45% - 3:29
PP Defense
1 - 76% - 55% - 5:14
2 - 24% - 45% - 1:41
PK Forward
1 - 58% - 55% - 4:06
2 - 42% - 45% - 2:56
PK Defense
1 - 41% - 55% - 2:55
2 - 59% - 45% - 4:07
PK3 Forward
1 - 100% - 55% - 0:27
2 - 0% - 45% - 0:00
PK3 Defense
1 - 93% - 55% - 0:25
2 - 7% - 45% - 0:02
44 Forward
1 - 0% - 55%
2 - 0% - 45%
44 Defense
1 - 0% - 55%
2 - 0% - 45%
Last Minute Offensive  - 0:00
Last Minute Defensive  - 0:00
Total
Forward - 60:00
Defense - 60:00

Play-by-Play

1st period


0:01 of 1st period - Dylan Larkin wins face-off versus William Karlsson in neutral zone.
1:07 of 1st period - Minor Penalty to Scott Mayfield for Hooking.
1:08 of 1st period - Brett Ritchie wins face-off versus Max Domi in SALEM BLACK JAYS zone.
1:33 of 1st period - Shot by Max Domi.
1:33 of 1st period - Shot Misses the Net.
1:35 of 1st period - Shot by Elias Pettersson.
1:35 of 1st period - Stopped by Mike Smith without a rebound.
1:36 of 1st period - Anders Lee wins face-off versus Brett Ritchie in SALEM BLACK JAYS zone.
2:05 of 1st period - Shot by Pierre-Luc Dubois.
2:05 of 1st period - Goal by Pierre-Luc Dubois - SALEM BLACK JAYS : 0 - RENO LIONS : 1.
2:06 of 1st period - Tomas Nosek wins face-off versus Filip Chytil in neutral zone.
2:37 of 1st period - Shot by Alex Killorn.
2:37 of 1st period - Stopped by Mike Smith without a rebound.
2:38 of 1st period - Max Domi wins face-off versus Mitchell Marner in SALEM BLACK JAYS zone.
2:45 of 1st period - Shot by Max Domi.
2:45 of 1st period - Stopped by Mike Smith without a rebound.
2:46 of 1st period - Brett Ritchie wins face-off versus Pierre-Luc Dubois in SALEM BLACK JAYS zone.
3:42 of 1st period - Icing by Adam Larsson.
3:43 of 1st period - Casey Cizikas wins face-off versus Blake Coleman in SALEM BLACK JAYS zone.
3:48 of 1st period - Shot by Trevor Lewis.
3:48 of 1st period - Shot Misses the Net.
3:50 of 1st period - Shot by Matthew Calvert.
3:50 of 1st period - Stopped by Jaroslav Halak with a rebound.
3:52 of 1st period - Shot by Adam Larsson.
3:52 of 1st period - Stopped by Jaroslav Halak without a rebound.
3:53 of 1st period - Blake Coleman wins face-off versus Dylan Larkin in RENO LIONS zone.
4:12 of 1st period - Off-side.
4:13 of 1st period - William Karlsson wins face-off versus Filip Chytil in neutral zone.
4:19 of 1st period - William Karlsson is hit by Joshua Morrissey and loses puck.
4:22 of 1st period - Shot by Timo Meier.
4:22 of 1st period - Goal by Timo Meier - SALEM BLACK JAYS : 0 - RENO LIONS : 2.
4:23 of 1st period - Casey Cizikas wins face-off versus Max Domi in neutral zone.
4:34 of 1st period - Shot by Elias Pettersson.
4:34 of 1st period - Stopped by Mike Smith with a rebound.
4:36 of 1st period - Shot by Olli Maatta.
4:36 of 1st period - Shot Blocked by Michal Kempny.
4:40 of 1st period - Shot by Max Domi.
4:40 of 1st period - Shot Misses the Net.
4:50 of 1st period - Shot by Pierre-Luc Dubois.
4:50 of 1st period - Stopped by Mike Smith without a rebound.
4:51 of 1st period - Mathew Barzal wins face-off versus Blake Coleman in SALEM BLACK JAYS zone.
6:28 of 1st period - Icing by Olli Maatta.
6:29 of 1st period - Filip Chytil wins face-off versus Evgeny Dadonov in RENO LIONS zone.
6:43 of 1st period - Minor Penalty to Kyle Clifford for High sticking.
6:44 of 1st period - Casey Cizikas wins face-off versus Max Domi in SALEM BLACK JAYS zone.
7:02 of 1st period - Off-side.
7:03 of 1st period - Pierre-Luc Dubois wins face-off versus Brett Ritchie in neutral zone.
8:04 of 1st period - Casey Cizikas is hit by Elias Pettersson.
8:18 of 1st period - Shot by Elias Pettersson.
8:18 of 1st period - Stopped by Mike Smith without a rebound.
8:19 of 1st period - Matthew Calvert wins face-off versus Max Domi in SALEM BLACK JAYS zone.
8:19 of 1st period - Matthew Calvert is hit by Max Domi.
8:34 of 1st period - Icing by Max Domi.
8:35 of 1st period - Casey Cizikas wins face-off versus Max Domi in RENO LIONS zone.
8:49 of 1st period - Icing by Robert Hagg.
8:50 of 1st period - Tomas Nosek wins face-off versus Filip Chytil in RENO LIONS zone.
9:00 of 1st period - Minor Penalty to Drew Stafford for Hooking.
9:01 of 1st period - Tomas Nosek wins face-off versus Mathew Barzal in RENO LIONS zone.
9:36 of 1st period - Shot by Joshua Morrissey.
9:36 of 1st period - Shot Misses the Net.
10:32 of 1st period - Minor Penalty to Adam McQuaid for High sticking.
10:33 of 1st period - Dylan Larkin wins face-off versus Pierre-Luc Dubois in RENO LIONS zone.
10:45 of 1st period - Shot by Dylan Larkin.
10:45 of 1st period - Deflect By Casey Cizikas.
10:45 of 1st period - Shot Blocked by Ryan Pulock.
10:47 of 1st period - Shot by Scott Mayfield.
10:47 of 1st period - Shot Blocked by Olli Maatta.
10:49 of 1st period - Shot by Matthew Calvert.
10:49 of 1st period - Shot Misses the Net.
10:57 of 1st period - Shot by Dylan Larkin.
10:57 of 1st period - Stopped by Jaroslav Halak without a rebound.
10:58 of 1st period - Pierre-Luc Dubois wins face-off versus Mathew Barzal in RENO LIONS zone.
11:50 of 1st period - Shot by Dylan Larkin.
11:50 of 1st period - Stopped by Jaroslav Halak with a rebound.
11:52 of 1st period - Shot by Dylan Larkin.
11:52 of 1st period - Deflect By Casey Cizikas.
11:52 of 1st period - Shot Blocked by Tomas Nosek.
11:54 of 1st period - Shot by Casey Cizikas.
11:54 of 1st period - Stopped by Jaroslav Halak without a rebound.
11:55 of 1st period - Dylan Larkin wins face-off versus William Karlsson in RENO LIONS zone.
12:50 of 1st period - Shot by Elias Pettersson.
12:50 of 1st period - Shot Blocked by Joshua Morrissey.
12:52 of 1st period - Shot by Ryan Pulock.
12:52 of 1st period - Shot Misses the Net.
12:54 of 1st period - Shot by Ryan Pulock.
12:54 of 1st period - Goal by Ryan Pulock - SALEM BLACK JAYS : 0 - RENO LIONS : 3.
12:55 of 1st period - Dylan Larkin wins face-off versus Vincent Hinostroza in neutral zone.
13:00 of 1st period - Shot by Dylan Larkin.
13:00 of 1st period - Shot Blocked by Oliver Ekman-Larsson.
13:14 of 1st period - Shot by Anders Lee.
13:14 of 1st period - Stopped by Mike Smith without a rebound.
13:15 of 1st period - William Karlsson wins face-off versus Filip Chytil in SALEM BLACK JAYS zone.
13:19 of 1st period - Icing by Joshua Morrissey.
13:20 of 1st period - Max Domi wins face-off versus Filip Chytil in SALEM BLACK JAYS zone.
13:58 of 1st period - Shot by Trevor Lewis.
13:58 of 1st period - Shot Misses the Net.
14:31 of 1st period - Off-side.
14:32 of 1st period - Dylan Larkin wins face-off versus Evgeny Dadonov in neutral zone.
14:32 of 1st period - Dylan Larkin is hit by Evgeny Dadonov.
14:49 of 1st period - Icing by Jordie Benn.
14:50 of 1st period - Mathew Barzal wins face-off versus William Karlsson in RENO LIONS zone.
15:01 of 1st period - Shot by Evgeny Dadonov.
15:01 of 1st period - Stopped by Mike Smith without a rebound.
15:02 of 1st period - Casey Cizikas wins face-off versus Blake Coleman in SALEM BLACK JAYS zone.
15:56 of 1st period - Casey Cizikas is hit by Jordie Benn and loses puck.
16:41 of 1st period - Icing by Adam Larsson.
16:42 of 1st period - Max Domi wins face-off versus Mathew Barzal in SALEM BLACK JAYS zone.
17:15 of 1st period - Shot by Pierre-Luc Dubois.
17:15 of 1st period - Stopped by Mike Smith with a rebound.
17:55 of 1st period - Shot by Trevor Lewis.
17:55 of 1st period - Deflect By Filip Chytil.
17:55 of 1st period - Shot Blocked by Robert Hagg.
18:09 of 1st period - Shot by Tomas Nosek.
18:09 of 1st period - Stopped by Mike Smith without a rebound.
18:10 of 1st period - Mathew Barzal wins face-off versus William Karlsson in SALEM BLACK JAYS zone.
18:22 of 1st period - Shot by William Karlsson.
18:22 of 1st period - Shot Misses the Net.
18:55 of 1st period - Evgeny Dadonov is hit by Adam Larsson and loses puck.
19:06 of 1st period - Shot by Elias Pettersson.
19:06 of 1st period - Stopped by Mike Smith with a rebound.
19:08 of 1st period - Shot by Ryan Pulock.
19:08 of 1st period - Stopped by Mike Smith without a rebound.
19:09 of 1st period - Max Domi wins face-off versus Filip Chytil in SALEM BLACK JAYS zone.
19:30 of 1st period - Shot by Pierre-Luc Dubois.
19:30 of 1st period - Shot Blocked by Kyle Clifford.
19:58 of 1st period - Shot by Max Domi.
19:58 of 1st period - Stopped by Mike Smith without a rebound.
19:59 of 1st period - William Karlsson wins face-off versus Dylan Larkin in SALEM BLACK JAYS zone.
Goals for this period are 0 for SALEM BLACK JAYS vs 3 for RENO LIONS.
Shots for this period are 5 for SALEM BLACK JAYS vs 16 for RENO LIONS.

2nd period


0:01 of 2nd period - Dylan Larkin wins face-off versus William Karlsson in neutral zone.
0:40 of 2nd period - Shot by Mitchell Marner.
0:40 of 2nd period - Shot Blocked by William Karlsson.
0:42 of 2nd period - Shot by Mitchell Marner.
0:42 of 2nd period - Stopped by Jaroslav Halak with a rebound.
0:44 of 2nd period - Shot by Scott Mayfield.
0:44 of 2nd period - Stopped by Jaroslav Halak without a rebound.
0:45 of 2nd period - Par Lindholm wins face-off versus Max Domi in RENO LIONS zone.
1:14 of 2nd period - Shot by Pierre-Luc Dubois.
1:14 of 2nd period - Shot Misses the Net.
1:16 of 2nd period - Shot by Pierre-Luc Dubois.
1:16 of 2nd period - Deflect By Max Domi.
1:16 of 2nd period - Stopped by Mike Smith without a rebound.
1:17 of 2nd period - Filip Chytil wins face-off versus Blake Coleman in SALEM BLACK JAYS zone.
1:17 of 2nd period - Filip Chytil is hit by Blake Coleman.
1:30 of 2nd period - Shot by Trevor Lewis.
1:30 of 2nd period - Shot Misses the Net.
1:31 of 2nd period - Minor Penalty to Robert Hagg for Holding.
1:32 of 2nd period - Tomas Nosek wins face-off versus Dylan Larkin in RENO LIONS zone.
1:32 of 2nd period - Tomas Nosek is hit by Casey Cizikas.
2:07 of 2nd period - Shot by Dylan Larkin.
2:07 of 2nd period - Shot Misses the Net.
3:38 of 2nd period - Shot by Evgeny Dadonov.
3:38 of 2nd period - Shot Blocked by Joshua Morrissey.
3:40 of 2nd period - Shot by William Karlsson.
3:40 of 2nd period - Shot Misses the Net.
3:42 of 2nd period - Shot by Timo Meier.
3:42 of 2nd period - Shot Misses the Net.
3:50 of 2nd period - Shot by William Karlsson.
3:50 of 2nd period - Shot Misses the Net.
4:08 of 2nd period - Shot by Evgeny Dadonov.
4:08 of 2nd period - Shot Misses the Net.
4:10 of 2nd period - Shot by William Karlsson.
4:10 of 2nd period - Deflect By Timo Meier.
4:10 of 2nd period - Shot Misses the Net.
4:12 of 2nd period - Shot by William Karlsson.
4:12 of 2nd period - Shot Misses the Net.
4:33 of 2nd period - Elias Pettersson is hit by Cody Ceci and loses puck.
4:50 of 2nd period - Shot by Elias Pettersson.
4:50 of 2nd period - Shot Blocked by Michal Kempny.
4:52 of 2nd period - Shot by Pierre-Luc Dubois.
4:52 of 2nd period - Shot Blocked by Michal Kempny.
4:54 of 2nd period - Shot by Pierre-Luc Dubois.
4:54 of 2nd period - Shot Blocked by Michal Kempny.
4:56 of 2nd period - Shot by Adam McQuaid.
4:56 of 2nd period - Stopped by Mike Smith with a rebound.
4:58 of 2nd period - Shot by Pierre-Luc Dubois.
4:58 of 2nd period - Shot Misses the Net.
5:00 of 2nd period - Shot by Pierre-Luc Dubois.
5:00 of 2nd period - Deflect By Max Domi.
5:00 of 2nd period - Shot Misses the Net.
5:02 of 2nd period - Shot by Max Domi.
5:02 of 2nd period - Shot Misses the Net.
6:04 of 2nd period - Shot by Dylan Larkin.
6:04 of 2nd period - Stopped by Jaroslav Halak without a rebound.
6:05 of 2nd period - Casey Cizikas wins face-off versus Timo Meier in RENO LIONS zone.
6:16 of 2nd period - Icing by Timo Meier.
6:17 of 2nd period - William Karlsson wins face-off versus Mathew Barzal in RENO LIONS zone.
6:17 of 2nd period - William Karlsson is hit by Brett Ritchie.
6:25 of 2nd period - Shot by Timo Meier.
6:25 of 2nd period - Shot Misses the Net.
6:30 of 2nd period - Icing by Joshua Morrissey.
6:31 of 2nd period - Max Domi wins face-off versus Mathew Barzal in SALEM BLACK JAYS zone.
6:56 of 2nd period - Shot by Elias Pettersson.
6:56 of 2nd period - Stopped by Mike Smith with a rebound.
7:57 of 2nd period - Shot by Evgeny Dadonov.
7:57 of 2nd period - Stopped by Mike Smith without a rebound.
7:58 of 2nd period - Filip Chytil wins face-off versus Blake Coleman in SALEM BLACK JAYS zone.
9:21 of 2nd period - Icing by Scott Mayfield.
9:22 of 2nd period - William Karlsson wins face-off versus Dylan Larkin in SALEM BLACK JAYS zone.
9:31 of 2nd period - Shot by Timo Meier.
9:31 of 2nd period - Stopped by Mike Smith without a rebound.
9:32 of 2nd period - Dylan Larkin wins face-off versus William Karlsson in SALEM BLACK JAYS zone.
9:39 of 2nd period - Shot by Mitchell Marner.
9:39 of 2nd period - Shot Misses the Net.
10:03 of 2nd period - Shot by Evgeny Dadonov.
10:03 of 2nd period - Deflect By William Karlsson.
10:03 of 2nd period - Stopped by Mike Smith without a rebound.
10:04 of 2nd period - Mathew Barzal wins face-off versus Max Domi in SALEM BLACK JAYS zone.
10:30 of 2nd period - Icing by Pierre-Luc Dubois.
10:31 of 2nd period - Filip Chytil wins face-off versus Max Domi in RENO LIONS zone.
10:50 of 2nd period - Icing by Trevor Lewis.
10:51 of 2nd period - Filip Chytil wins face-off versus Evgeny Dadonov in SALEM BLACK JAYS zone.
11:42 of 2nd period - Icing by Cody Ceci.
11:43 of 2nd period - Max Domi wins face-off versus Dylan Larkin in SALEM BLACK JAYS zone.
11:54 of 2nd period - Shot by Pierre-Luc Dubois.
11:54 of 2nd period - Stopped by Mike Smith with a rebound.
12:01 of 2nd period - Icing by Joshua Morrissey.
12:02 of 2nd period - Dylan Larkin wins face-off versus Tomas Nosek in SALEM BLACK JAYS zone.
12:02 of 2nd period - Dylan Larkin is hit by Tomas Nosek.
12:15 of 2nd period - Icing by Joshua Morrissey.
12:16 of 2nd period - Max Domi wins face-off versus Dylan Larkin in SALEM BLACK JAYS zone.
12:50 of 2nd period - Shot by Mitchell Marner.
12:50 of 2nd period - Stopped by Jaroslav Halak without a rebound.
12:51 of 2nd period - Mathew Barzal wins face-off versus William Karlsson in RENO LIONS zone.
13:05 of 2nd period - Icing by Timo Meier.
13:06 of 2nd period - William Karlsson wins face-off versus Filip Chytil in RENO LIONS zone.
13:06 of 2nd period - William Karlsson is hit by Kyle Clifford.
13:36 of 2nd period - Shot by Evgeny Dadonov.
13:36 of 2nd period - Shot Misses the Net.
13:46 of 2nd period - Minor Penalty to Kyle Clifford for Hooking.
13:47 of 2nd period - Max Domi wins face-off versus Casey Cizikas in SALEM BLACK JAYS zone.
14:28 of 2nd period - Shot by Max Domi.
14:28 of 2nd period - Stopped by Mike Smith without a rebound.
14:29 of 2nd period - Brett Ritchie wins face-off versus Pierre-Luc Dubois in SALEM BLACK JAYS zone.
14:50 of 2nd period - Off-side.
14:51 of 2nd period - Casey Cizikas wins face-off versus Pierre-Luc Dubois in neutral zone.
15:45 of 2nd period - Shot by Casey Cizikas.
15:45 of 2nd period - Shot Misses the Net.
15:48 of 2nd period - Icing by Jordie Benn.
15:49 of 2nd period - Tomas Nosek wins face-off versus Filip Chytil in RENO LIONS zone.
15:59 of 2nd period - Joshua Morrissey is hit by Drew Stafford and loses puck.
16:18 of 2nd period - Joshua Morrissey is hit by Alex Killorn and loses puck.
18:17 of 2nd period - Shot by Anders Lee.
18:17 of 2nd period - Stopped by Mike Smith with a rebound.
18:19 of 2nd period - Shot by Blake Coleman.
18:19 of 2nd period - Stopped by Mike Smith with a rebound.
19:00 of 2nd period - Shot by William Karlsson.
19:00 of 2nd period - Shot Misses the Net.
19:02 of 2nd period - Shot by Jordie Benn.
19:02 of 2nd period - Stopped by Mike Smith without a rebound.
19:03 of 2nd period - Tomas Nosek wins face-off versus Filip Chytil in SALEM BLACK JAYS zone.
19:07 of 2nd period - Tomas Nosek is hit by Joshua Morrissey.
19:53 of 2nd period - Adam Larsson is hit by Alex Killorn and loses puck.
Goals for this period are 0 for SALEM BLACK JAYS vs 0 for RENO LIONS.
Shots for this period are 4 for SALEM BLACK JAYS vs 11 for RENO LIONS.

3rd period


0:01 of 3rd period - Max Domi wins face-off versus Casey Cizikas in neutral zone.
0:23 of 3rd period - Shot by Matthew Calvert.
0:23 of 3rd period - Stopped by Jaroslav Halak with a rebound.
1:15 of 3rd period - Icing by Max Domi.
1:16 of 3rd period - Dylan Larkin wins face-off versus Max Domi in RENO LIONS zone.
1:19 of 3rd period - Shot by Mitchell Marner.
1:19 of 3rd period - Shot Blocked by Jordie Benn.
1:21 of 3rd period - Shot by Michal Kempny.
1:21 of 3rd period - Shot Misses the Net.
1:25 of 3rd period - Shot by Dylan Larkin.
1:25 of 3rd period - Stopped by Jaroslav Halak without a rebound.
1:26 of 3rd period - William Karlsson wins face-off versus Filip Chytil in RENO LIONS zone.
1:31 of 3rd period - Shot by Evgeny Dadonov.
1:31 of 3rd period - Stopped by Mike Smith without a rebound.
1:32 of 3rd period - William Karlsson wins face-off versus Mathew Barzal in SALEM BLACK JAYS zone.
1:32 of 3rd period - Timo Meier is hit by Scott Mayfield.
1:47 of 3rd period - Shot by Par Lindholm.
1:47 of 3rd period - Shot Blocked by Ryan Pulock.
1:49 of 3rd period - Shot by Adam Larsson.
1:49 of 3rd period - Deflect By Mathew Barzal.
1:49 of 3rd period - Stopped by Jaroslav Halak without a rebound.
1:50 of 3rd period - Blake Coleman wins face-off versus Casey Cizikas in RENO LIONS zone.
2:08 of 3rd period - Shot by Anders Lee.
2:08 of 3rd period - Stopped by Mike Smith without a rebound.
2:09 of 3rd period - William Karlsson wins face-off versus Par Lindholm in SALEM BLACK JAYS zone.
2:41 of 3rd period - Par Lindholm is hit by Oliver Ekman-Larsson.
3:08 of 3rd period - Off-side.
3:09 of 3rd period - Dylan Larkin wins face-off versus Max Domi in neutral zone.
3:19 of 3rd period - Dylan Larkin is hit by Olli Maatta and loses puck.
3:39 of 3rd period - Shot by Pierre-Luc Dubois.
3:39 of 3rd period - Shot Misses the Net.
4:18 of 3rd period - Shot by Anders Lee.
4:18 of 3rd period - Shot Blocked by Jason Demers.
4:31 of 3rd period - Shot by Vincent Hinostroza.
4:31 of 3rd period - Shot Misses the Net.
5:25 of 3rd period - Shot by Evgeny Dadonov.
5:25 of 3rd period - Shot Misses the Net.
5:27 of 3rd period - Shot by Ryan Pulock.
5:27 of 3rd period - Stopped by Mike Smith without a rebound.
5:28 of 3rd period - Filip Chytil wins face-off versus Max Domi in SALEM BLACK JAYS zone.
5:35 of 3rd period - Shot by Pierre-Luc Dubois.
5:35 of 3rd period - Shot Blocked by Scott Mayfield.
5:37 of 3rd period - Shot by Pierre-Luc Dubois.
5:37 of 3rd period - Stopped by Mike Smith without a rebound.
5:38 of 3rd period - Filip Chytil wins face-off versus Max Domi in SALEM BLACK JAYS zone.
5:38 of 3rd period - Trevor Lewis is hit by Pierre-Luc Dubois and loses puck.
6:06 of 3rd period - Minor Penalty to Oliver Ekman-Larsson for Goalie Interference.
6:07 of 3rd period - Tomas Nosek wins face-off versus Par Lindholm in RENO LIONS zone.
6:18 of 3rd period - Shot by Alex Killorn.
6:18 of 3rd period - Shot Misses the Net.
6:21 of 3rd period - Icing by Joshua Morrissey.
6:22 of 3rd period - Tomas Nosek wins face-off versus Mathew Barzal in SALEM BLACK JAYS zone.
6:25 of 3rd period - Shot by Alex Killorn.
6:25 of 3rd period - Shot Blocked by Joshua Morrissey.
7:09 of 3rd period - Shot by Dylan Larkin.
7:09 of 3rd period - Shot Misses the Net.
8:16 of 3rd period - Shot by Cody Ceci.
8:16 of 3rd period - Stopped by Jaroslav Halak without a rebound.
8:17 of 3rd period - Max Domi wins face-off versus Filip Chytil in RENO LIONS zone.
8:17 of 3rd period - Max Domi is hit by Trevor Lewis.
8:58 of 3rd period - Elias Pettersson is hit by Cody Ceci and loses puck.
9:16 of 3rd period - Icing by Joshua Morrissey.
9:17 of 3rd period - Evgeny Dadonov wins face-off versus Trevor Lewis in SALEM BLACK JAYS zone.
9:17 of 3rd period - Evgeny Dadonov is hit by Joshua Morrissey.
9:59 of 3rd period - Shot by Mathew Barzal.
9:59 of 3rd period - Deflect By Par Lindholm.
9:59 of 3rd period - Shot Misses the Net.
10:01 of 3rd period - Shot by Mathew Barzal.
10:01 of 3rd period - Shot Misses the Net.
10:36 of 3rd period - Shot by Mitchell Marner.
10:36 of 3rd period - Deflect By Dylan Larkin.
10:36 of 3rd period - Shot Misses the Net.
10:52 of 3rd period - Shot by Mitchell Marner.
10:52 of 3rd period - Stopped by Jaroslav Halak without a rebound.
10:53 of 3rd period - Pierre-Luc Dubois wins face-off versus Casey Cizikas in RENO LIONS zone.
10:58 of 3rd period - Shot by Elias Pettersson.
10:58 of 3rd period - Deflect By Max Domi.
10:58 of 3rd period - Shot Misses the Net.
11:00 of 3rd period - Shot by Pierre-Luc Dubois.
11:00 of 3rd period - Shot Misses the Net.
11:02 of 3rd period - Shot by Elias Pettersson.
11:02 of 3rd period - Deflect By Max Domi.
11:02 of 3rd period - Shot Blocked by Joshua Morrissey.
11:12 of 3rd period - Shot by Max Domi.
11:12 of 3rd period - Shot Misses the Net.
11:53 of 3rd period - Vincent Hinostroza is hit by Matthew Calvert and loses puck.
12:23 of 3rd period - Shot by Blake Coleman.
12:23 of 3rd period - Stopped by Mike Smith without a rebound.
12:24 of 3rd period - William Karlsson wins face-off versus Mathew Barzal in SALEM BLACK JAYS zone.
12:43 of 3rd period - Shot by Mathew Barzal.
12:43 of 3rd period - Shot Blocked by Olli Maatta.
12:55 of 3rd period - Shot by Mathew Barzal.
12:55 of 3rd period - Shot Misses the Net.
12:57 of 3rd period - Shot by Par Lindholm.
12:57 of 3rd period - Shot Misses the Net.
12:59 of 3rd period - Shot by Par Lindholm.
12:59 of 3rd period - Deflect By Mathew Barzal.
12:59 of 3rd period - Shot Misses the Net.
13:01 of 3rd period - Shot by Mathew Barzal.
13:01 of 3rd period - Shot Misses the Net.
14:03 of 3rd period - Mathew Barzal is hit by Timo Meier and loses puck.
14:44 of 3rd period - Minor Penalty to Scott Mayfield for Holding.
14:45 of 3rd period - Casey Cizikas wins face-off versus Max Domi in SALEM BLACK JAYS zone.
15:08 of 3rd period - Shot by Max Domi.
15:08 of 3rd period - Shot Misses the Net.
15:10 of 3rd period - Shot by Max Domi.
15:10 of 3rd period - Stopped by Mike Smith without a rebound.
15:11 of 3rd period - Casey Cizikas wins face-off versus Pierre-Luc Dubois in SALEM BLACK JAYS zone.
15:38 of 3rd period - Shot by Pierre-Luc Dubois.
15:38 of 3rd period - Stopped by Mike Smith without a rebound.
15:39 of 3rd period - Vincent Hinostroza wins face-off versus Casey Cizikas in SALEM BLACK JAYS zone.
15:50 of 3rd period - Shot by Elias Pettersson.
15:50 of 3rd period - Shot Misses the Net.
16:00 of 3rd period - Anthony DeAngelo is hit by Max Domi and loses puck.
16:20 of 3rd period - Icing by Blake Coleman.
16:21 of 3rd period - Pierre-Luc Dubois wins face-off versus Casey Cizikas in RENO LIONS zone.
17:27 of 3rd period - Shot by Max Domi.
17:27 of 3rd period - Shot Blocked by Jason Demers.
17:29 of 3rd period - Shot by Max Domi.
17:29 of 3rd period - Shot Blocked by Michal Kempny.
17:31 of 3rd period - Shot by Elias Pettersson.
17:31 of 3rd period - Shot Blocked by Jason Demers.
18:28 of 3rd period - Shot by Mitchell Marner.
18:28 of 3rd period - Shot Misses the Net.
18:30 of 3rd period - Shot by Mitchell Marner.
18:30 of 3rd period - Shot Blocked by Jordie Benn.
18:32 of 3rd period - Shot by Dylan Larkin.
18:32 of 3rd period - Shot Misses the Net.
18:44 of 3rd period - Shot by Dylan Larkin.
18:44 of 3rd period - Deflect By Mitchell Marner.
18:44 of 3rd period - Shot Misses the Net.
18:46 of 3rd period - Shot by Dylan Larkin.
18:46 of 3rd period - Shot Misses the Net.
18:48 of 3rd period - Shot by Dylan Larkin.
18:48 of 3rd period - Shot Blocked by Jordie Benn.
18:50 of 3rd period - Shot by Scott Mayfield.
18:50 of 3rd period - Shot Misses the Net.
18:56 of 3rd period - Shot by Dylan Larkin.
18:56 of 3rd period - Stopped by Jaroslav Halak without a rebound.
18:57 of 3rd period - Mathew Barzal wins face-off versus Blake Coleman in RENO LIONS zone.
19:24 of 3rd period - Shot by Mathew Barzal.
19:24 of 3rd period - Stopped by Jaroslav Halak without a rebound.
19:25 of 3rd period - Max Domi wins face-off versus Dylan Larkin in RENO LIONS zone.
19:25 of 3rd period - Max Domi is hit by Mitchell Marner.
Goals for this period are 0 for SALEM BLACK JAYS vs 0 for RENO LIONS.
Shots for this period are 7 for SALEM BLACK JAYS vs 7 for RENO LIONS.


SEBASTIAN
AHO
MARK
SCHEIFELE
JAKE
OETTINGER

EAST COAST

HOCKEY LEAGUE

  • 17.QUE3CHI2
  • 18.CHA2LIM4
  • 19.TRV3LON2
  • 20.CHW1BAL2
  • 21.PITMAN
  • 22.ATLNHW
  • 23.WORPET
  • 24.RHI